 Dungeon Crawl Stone Soup version 0.31-a0-256-g80acddb972 (webtiles) character file.

Game seed: 15639364247698669791

79 qw the Shooter (level 4, 0/36 HPs)
             Began as a Minotaur Hexslinger on July 12, 2023.
             Slain by Grinder (2 damage)
             ... on level 3 of the Dungeon.
             The game lasted 00:00:47 (1701 turns).

qw the Shooter (Minotaur Hexslinger)                Turns: 1701, Time: 00:00:47

Health: 0/36       AC:  5    Str: 12    XL:     4   Next: 17%
Magic:  4/4        EV: 12    Int: 13    God:
Gold:   147        SH:  5    Dex: 15    Spells: 4/5 levels left

rFire   . . .        Y - +1 sling
rCold   . . .        (no shield)
rNeg    . . .        a - +2 robe "Vaix" {Int+3}
rPois   .            (helmet restricted)
rElec   .            d - +0 cloak
rCorr   .            (no gloves)
SInv    .            (no boots)
Will    .....        g - amulet of reflection
Stlth   +            (no ring)
HPRegen 0.26/turn    (no ring)
MPRegen 0.09/turn

%: reflection
@: no status effects
A: horns 2, retaliatory headbutt
a: no special abilities


You were on level 3 of the Dungeon.
You visited 1 branch of the dungeon, and saw 3 of its levels.

You collected 147 gold pieces.


Innate Abilities, Weirdness & Mutations

You have a pair of horns on your head.
You reflexively headbutt those who attack you in melee.


   Skills:
 - Level 2.2 Fighting
 + Level 4.6 Ranged Weapons
 - Level 2.1 Dodging
 - Level 1.0 Spellcasting
 - Level 2.0 Hexes


You had 4 spell levels left.
You knew the following spells:

 Your Spells              Type           Power      Damage    Failure   Level
a - Slow                  Hex            20%        N/A       12%         1

Your spell library contained the following spells:

 Spells                   Type           Power      Damage    Failure   Level
 Inner Flame              Hex/Fire       3%         N/A       50%         3
 Portal Projectile        Hex/Tloc       6%         N/A       50%         3
 Cause Fear               Hex            2%         N/A       77%         4

Inventory:

Hand Weapons
 Y - a +1 sling (weapon)
Armour
 a - the +2 robe "Vaix" (worn) {Int+3}
   (You found it on level 2 of the Dungeon)

   Int:       It affects your intelligence (+3).
 d - a +0 cloak (worn)
 i - a +0 pair of gloves
Jewellery
 f - an amulet of the acrobat
 g - an amulet of reflection (around neck)
Scrolls
 b - a scroll of teleportation {unknown}
 e - a scroll of identify
 h - a scroll of enchant weapon {unknown}
 j - a scroll of acquirement {unknown}
Potions
 c - a potion of curing {unknown}
 k - a potion of resistance {unknown}

Dungeon Overview and Level Annotations

Branches:
Dungeon (3/15)

Altars:

Annotations:
D:3 Grinder


Message History

Grinder is lightly wounded.
You shoot a sling bullet. The sling bullet barely misses Grinder.
Grinder closely misses you. You furiously retaliate!
You headbutt Grinder, but do no damage. You shoot a sling bullet.
The sling bullet hits Grinder.
Grinder is lightly wounded.
Grinder gestures at you. Pain shoots through your body!
You shoot a sling bullet.
The sling bullet completely misses Grinder.
Grinder gestures at you. You resist with significant effort.
You shoot a sling bullet.
The sling bullet hits Grinder but does no damage.
Grinder is lightly wounded.
Grinder closely misses you. Grinder hits you.
You writhe in agony.
You shoot a sling bullet. The sling bullet hits Grinder.
Grinder is moderately wounded.
Grinder hits you but does no damage.
You shoot a sling bullet. The sling bullet hits Grinder.
Grinder is moderately wounded.
Grinder hits you.
You writhe in agony.
You shoot a sling bullet. The sling bullet hits Grinder.
Grinder is moderately wounded.
Grinder hits you but does no damage.
You shoot a sling bullet.
The sling bullet closely misses Grinder.
Grinder barely misses you.
You shoot a sling bullet.
The sling bullet closely misses Grinder.
Grinder hits you.
You shoot a sling bullet.
The sling bullet closely misses Grinder.
Grinder hits you.
You writhe in agony.
You shoot a sling bullet.
The sling bullet hits Grinder but does no damage.
Grinder is moderately wounded.
Grinder misses you. You furiously retaliate!
You headbutt Grinder, but do no damage. Grinder hits you.
You die...

..######....... ..
................ ..
................
####.#................
#.....##.......<......
#.....###.............
#.....................
#.....###.............
#...)@..#.............
#...5##.#.............
#.... #............#..
#.... ####.####.......
##### #.###........
####.##.........
#.........#.....
##.##....)####..#
#..####.........#


You could see Grinder.

Vanquished Creatures
  2 adders (D:2)
  A worm (D:3)
  A dart slug (D:1)
  3 orcs (D:3)
  3 endoplasms
  2 giant cockroaches
  7 goblins
  8 hobgoblins
  8 kobolds
  A quokka (D:3)
  3 ball pythons (D:1)
  4 bats
  6 frilled lizards
  3 rats
52 creatures vanquished.

Notes
Turn   | Place    | Note
-------+----------+-------------------------------------------
     0 | D:1      | qw the Minotaur Hexslinger began the quest for the Orb.
     0 | D:1      | Reached XP level 1. HP: 16/16 MP: 1/1
     0 | D:1      | 0 ||| qw: Version: 0.3-a-52-g30416fa
     0 | D:1      | 0 ||| qw: Game counter: 6735
     0 | D:1      | 0 ||| qw: Melee chars always use a shield: true
     0 | D:1      | 0 ||| qw: God list: Okawaru
     0 | D:1      | 0 ||| qw: Allow faded altars: false
     0 | D:1      | 0 ||| qw: Do Orc after clearing Dungeon:15 true
     0 | D:1      | 0 ||| qw: Do second Lair branch before Depths: true
     0 | D:1      | 0 ||| qw: Lair rune preference: random
     0 | D:1      | 0 ||| qw: Goals: Normal
     0 | D:1      | 0 ||| PLANNING D:1-11
    77 | D:1      | Reached skill level 3 in Ranged Weapons
    86 | D:1      | Reached XP level 2. HP: 23/23 MP: 2/2
   400 | D:1      | 400 ||| UPGRADING to +0 cloak.
   405 | D:1      | 405 ||| UPGRADING to amulet of reflection.
   410 | D:1      | 410 ||| DROPPING ring of magical power.
   411 | D:1      | 411 ||| READING scroll labelled QUMISOINWAMI.
   412 | D:1      | 412 ||| DROPPING scroll of poison.
   496 | D:2      | Reached XP level 3. HP: 29/29 MP: 3/3
   506 | D:2      | Identified the +2 robe "Vaix" {Int+3}
  1028 | D:2      | Reached skill level 4 in Ranged Weapons
  1120 | D:2      | 1120 ||| UPGRADING to +2 robe "Vaix" {Int+3}.
  1130 | D:2      | 1130 ||| DROPPING +0 robe.
  1131 | D:2      | 1131 ||| DROPPING ring of flight.
  1132 | D:2      | 1132 ||| READING 2 scrolls labelled QUGAIT VYFFE.
  1147 | D:3      | 1147 ||| STAIRDANCE
  1229 | D:3      | 1229 ||| STAIRDANCE
  1421 | D:3      | Reached XP level 4. HP: 36/36 MP: 4/4
  1680 | D:3      | Noticed Grinder
  1696 | D:3      | HP: 9/36 [Grinder (5)]
  1700 | D:3      | HP: 1/36 [Grinder (4)]
  1701 | D:3      | Slain by Grinder

Levels and vault maps discovered:
D:1:      lemuel_arrival_hallway, layout_rooms, nrook_mini_backslash,
          hangedman_decor_clover_reticule
D:2:      layout_basic, serial_glass, glass_columns_b, glass_columns_c,
          glass_columns_c, glass_columns_b, glass_columns_b,
          nicolae_figureground_pulse
D:3:      layout_rooms, uniq_grinder

Skill      XL: |  1  2  3 |
---------------+----------+-----
Ranged Weapons | 3 4 |  4.6
Fighting       | 2 |  2.2
Dodging        | |  2.1
Spellcasting   | |  1.0
Hexes          | |  2.0

Action                     |  1- 3 |  4- 6 || total
---------------------------+-------+-------++-------
   Fire: Sling             |   128 |    47 ||   175
    Use: Scroll            |     2 |       ||     2
 Armour: Robe              |    15 |     2 ||    17
  Dodge: Dodged            |    17 |     6 ||    23
  Block: Other             |     2 |     1 ||     3
         Reflection        |     1 |       ||     1

Table legend:
 A = Non-vault XP
 B = Vault XP
 C = Vault XP percentage of total XP
 D = Non-vault monster count
 E = Vault monster count
 F = Vault count percentage of total count
                 A         B        C        D         E       F
            +---------+---------+-------+---------+---------+-------
      Total |     114 |       0 |   0.0 |      52 |       0 |   0.0
            +---------+---------+-------+---------+---------+-------
        D:1 |      33 |       0 |   0.0 |      20 |       0 |   0.0
        D:2 |      51 |       0 |   0.0 |      18 |       0 |   0.0
        D:3 |      30 |       0 |   0.0 |      14 |       0 |   0.0
            +---------+---------+-------+---------+---------+-------
